 Dungeon Crawl Stone Soup version 0.25-a0-528-g6b7c99946c (webtiles) character file.

Game seed: 16469885696002716961, levelgen mode: deterministic

2 Forecaster the Magician (level 1, 0/15 HPs)
             Began as a Naga Wizard on Feb 19, 2020.
             Slain by a gnoll
             ... wielding a +0 club
              (2 damage)
             ... on level 1 of the Dungeon.
             The game lasted 00:00:38 (86 turns).

Forecaster the Magician (Naga Wizard)                 Turns: 86, Time: 00:00:38

Health: 0/15       AC:  1    Str:  9    XL:     1   Next: 40%
Magic:  1/4        EV: 10    Int: 18    God:
Gold:   0          SH:  0    Dex:  9    Spells: 5/6 levels left

rFire    . . .     SeeInvis +   (no weapon)
rCold    . . .     Gourm    .   (no shield)
rNeg     . . .     Faith    .   a - +0 robe
rPois    +         Spirit   .   b - +0 hat
rElec    .         Reflect  .   (no cloak)
rCorr    .         Harm     .   (no gloves)
MR       .....                  (no barding)
Stlth    ++........             (no amulet)
HPRegen  0.05/turn              (no ring)
MPRegen  0.09/turn              (no ring)

@: very slightly contaminated, very slow
A: large, see invisible, deformed body, poison resistance, slowness 2, slow
metabolism 1, spit poison 1, AC +0
a: Spit Poison


You were on level 1 of the Dungeon.
You were not hungry.

You visited 1 branch of the dungeon, and saw 1 of its levels.

Inventory:

Armour
 a - a +0 robe (worn)
 b - a +0 hat (worn)
Comestibles
 c - a chunk of flesh
 d - 2 rations


   Skills:
 + Level 1.6 Dodging
 + Level 3.0 Stealth
 + Level 3.1 Spellcasting
 + Level 1.0 Conjurations
   Level 1.0 Summonings
   Level 1.0 Translocations


You had 5 spell levels left.
You knew the following spells:

 Your Spells              Type           Power        Failure   Level  Hunger
a - Magic Dart            Conj           #...         11%         1    None

Your spell library contained the following spells:

 Spells                   Type           Power        Failure   Level  Hunger
 Blink                    Tloc           N/A          16%         2    ##.....
 Call Imp                 Summ           #.......     16%         2    ##.....
 Slow                     Hex            #.......     24%         2    ##.....
 Conjure Flame            Conj/Fire      #.......     36%         3    ###....
 Mephitic Cloud           Conj/Pois/Air  #.......     38%         3    ###....


Dungeon Overview and Level Annotations

Branches:
Dungeon (1/15)

Altars:


Innate Abilities, Weirdness & Mutations

You cannot wear boots.
Your serpentine skin is tough. (AC +0)
You have supernaturally acute eyesight. (SInv)
Armour fits poorly on your strangely shaped body.
Your system is resistant to poisons. (rPois)
You cover ground very slowly.
You have a slow metabolism.
You can spit poison.


Message History

Aiming: Magic Dart (safe; 11% risk of failure)
Press: ? - help, Shift-Dir - straight line, f - gnoll
Aim: a gnoll, wielding a +0 club You miscast Magic Dart.
You feel a strange surge of energy!
Casting: Magic Dart (safe; 11% risk of failure)
Confirm with . or Enter, or press ? or * to list all spells.
Aiming: Magic Dart (safe; 11% risk of failure)
Press: ? - help, Shift-Dir - straight line, f/p - gnoll
Aim: a gnoll, wielding a +0 club The magic dart hits the gnoll but does no damage.
Casting: Magic Dart (safe; 11% risk of failure)
Confirm with . or Enter, or press ? or * to list all spells.
You don't have enough magic to cast that spell.
Unknown command.
The gnoll closely misses you.
You hit the gnoll but do no damage. The gnoll hits you with a +0 club.
You hit the gnoll but do no damage. The gnoll hits you with a +0 club!
* * * LOW HITPOINT WARNING * * *
You hit the gnoll but do no damage. The gnoll hits you with a +0 club.
You die...

♣.## #.# ♣.'.
.. ♣.'. #.#
##♣.## ..#+#
#....# #†#.#
#.♣..#
#.#.###
#.####
#.g...# #.#
##@.#.#
#.####
.........#.#
#.....
######..(#.#
#####.
#.#$#.# #.
#.#>#.#######
##
#.###.......#
#$ #######.#
#. #....÷..#
####.####


You could see a gnoll.

Vanquished Creatures
  2 bats (D:1)
  A rat (D:1)
3 creatures vanquished.

Notes
Turn   | Place    | Note
-------+----------+-------------------------------------------
     0 | D:1      | Forecaster the Naga Wizard began the quest for the Orb.
     0 | D:1      | Reached XP level 1. HP: 15/15 MP: 4/4
     3 | D:1      | Noticed a six-headed hydra
     6 | D:1      | Noticed an elephant
    86 | D:1      | Slain by a gnoll

Levels and vault maps discovered:
D:1:      sevenhm_arrival_forest_fort_small_2, layout_basic

Action                   || total
-------------------------++-------
Melee: Unarmed           ||     4
 Cast: Magic Dart        ||     4
Armor: Robe              ||     1
Dodge: Dodged            ||     4

Table legend:
 A = Non-vault XP
 B = Vault XP
 C = Vault XP percentage of total XP
 D = Non-vault monster count
 E = Vault monster count
 F = Vault count percentage of total count
                 A         B        C        D         E       F
            +---------+---------+-------+---------+---------+-------
      Total |       4 |       0 |   0.0 |       3 |       0 |   0.0
            +---------+---------+-------+---------+---------+-------
        D:1 |       4 |       0 |   0.0 |       3 |       0 |   0.0
            +---------+---------+-------+---------+---------+-------
